 Dungeon Crawl Stone Soup version 0.29.1-15-g9cfb28693d (webtiles) character file.

Game seed: 7450061716987972754

142 Groucho the Sneak (level 5, 0/24 HPs)
             Began as a Spriggan Earth Elementalist on Apr 5, 2023.
             Slain by a bullfrog (8 damage)
             ... on level 3 of the Dungeon.
             The game lasted 00:07:59 (5513 turns).

Groucho the Sneak (Spriggan Earth Elementalist)     Turns: 5513, Time: 00:07:59

Health: 0/24       AC:  2    Str:  6    XL:     5   Next: 3%
Magic:  7/11       EV: 18    Int: 16    God:
Gold:   96         SH:  0    Dex: 16    Spells: 4/10 levels left

rFire   . . .      SeeInvis +   d - +0 dagger
rCold   . . .      Faith    .   (no shield)
rNeg    . . .      Spirit   .   a - +0 robe
rPois   .          Reflect  .   (helmet restricted)
rElec   .          Harm     .   (no cloak)
rCorr   +          Rampage  .   (gloves unavailable)
Will    .....                   (boots unavailable)
Stlth   +++.......              (no amulet)
HPRegen 0.08/turn               l - ring of resist corrosion
MPRegen 0.12/turn               (no ring)

@: very slightly contaminated, very quick
A: very small, no large weapons, unfitting armour, see invisible, speed 3
a: no special abilities


You were on level 3 of the Dungeon.
You visited 1 branch of the dungeon, and saw 3 of its levels.

You collected 96 gold pieces.

Inventory:

Hand Weapons
 d - a +0 dagger (weapon)
Missiles
 h - a throwing net
 p - 7 poisoned darts (quivered)
Armour
 a - a +0 robe (worn)
Jewellery
 l - a ring of resist corrosion (left hand)
Scrolls
 c - a scroll of fear {unknown}
 g - 3 scrolls of identify {unknown}
 i - 2 scrolls of summoning {unknown}
 j - a scroll of enchant weapon {unknown}
 k - a scroll of immolation {unknown}
 m - 4 scrolls of teleportation {unknown}
 o - a scroll of poison {unknown}
Potions
 b - a potion of magic
 e - 3 potions of heal wounds {unknown}
 f - a potion of lignification {unknown}
 n - a potion of ambrosia {unknown}
 q - a potion of mutation {unknown}


   Skills:
 + Level 3.8 Dodging
 + Level 4.3 Stealth
 + Level 3.4 Spellcasting
 * Level 1.1 Conjurations
 - Level 1.3 Transmutations
 * Level 3.7 Earth Magic


You had 4 spell levels left.
You knew the following spells:

 Your Spells              Type           Power      Damage    Failure   Level
a - Sandblast             Erth           28%        2d8       3%          1
b - Passwall              Tmut/Erth      8%         N/A       10%         2
c - Stone Arrow           Conj/Erth      20%        3d8       21%         3

Your spell library contained the following spells:

 Spells                   Type           Power      Damage    Failure   Level
 Poisonous Vapours        Pois/Air       4%         N/A       26%         2
 Petrify                  Tmut/Erth      10%        N/A       52%         4
 Corpse Rot               Necr/Pois/Air  2%         N/A       87%         4


Dungeon Overview and Level Annotations

Branches:
Dungeon (3/15)

Altars:
Ashenzari
Elyvilon
Uskayaw


Innate Abilities, Weirdness & Mutations

You are very small and have problems with some larger weapons.
You are too small for most types of armour.
You have supernaturally acute eyesight. (SInv)
You cover ground extremely quickly. (Speed+++)


Message History

The bullfrog closely misses you.
There is a stone staircase leading up here.
Casting: Sandblast (safe; 3% risk of failure)
Confirm with . or Enter, or press ? or * to list all spells.
Aiming: Sandblast (safe; 3% risk of failure)
Press: ? - help, Shift-Dir - straight line, f - bullfrog
Aim: a bullfrog (77% to hit)
The blast of sand hits the bullfrog!
The bullfrog is heavily wounded.
The bullfrog barely misses you. The bullfrog hits you.
Casting: Sandblast (safe; 3% risk of failure)
Confirm with . or Enter, or press ? or * to list all spells.
Aiming: Sandblast (safe; 3% risk of failure)
Press: ? - help, Shift-Dir - straight line, f/p - bullfrog
Aim: a bullfrog (moderately wounded, 77% to hit)
You miscast Sandblast.
You are very lightly contaminated with residual magic.
Nothing appears to happen.
The bullfrog hits you.
Unknown command.
Casting: Sandblast (safe; 3% risk of failure)
Confirm with . or Enter, or press ? or * to list all spells.
You aren't next to any passable walls.
Unknown command.
Casting: Passwall (safe; 10% risk of failure)
Confirm with . or Enter, or press ? or * to list all spells.
Aiming: Sandblast (safe; 3% risk of failure)
Press: ? - help, Shift-Dir - straight line, f/p - bullfrog
Aim: a bullfrog (moderately wounded, 77% to hit)
The blast of sand hits the bullfrog!
The bullfrog is almost dead.
The bullfrog completely misses you. The bullfrog hits you.
Unknown command.
Casting: Sandblast (safe; 3% risk of failure)
Confirm with . or Enter, or press ? or * to list all spells.
Aiming: Sandblast (safe; 3% risk of failure)
Press: ? - help, Shift-Dir - straight line, f/p - bullfrog
Aim: a bullfrog (almost dead, 77% to hit)
The blast of sand misses the bullfrog.
The bullfrog completely misses you. The bullfrog misses you.
The bullfrog hits you!
You die...

###..##.###.#######
##................#
.....###..........#
...### #..........#
#..#####[.........#
#...w.[)..........#
....####).....).))#
....# #....)...F.#
....# #........@.#
....# #..........#
....# ############
....# #####


You could see a bullfrog.

Vanquished Creatures
  An orc priest (D:3)
  4 adders
  A worm (D:3)
  2 dart slugs
  4 orcs (D:3)
  8 ball pythons
  2 endoplasms (D:1)
  A giant cockroach (D:2)
  6 goblins
  5 hobgoblins
  3 jackals (D:1)
  5 quokkas
  9 bats
  4 frilled lizards
  4 kobolds
  5 rats
64 creatures vanquished.

Notes
Turn   | Place    | Note
-------+----------+-------------------------------------------
     0 | D:1      | Groucho the Spriggan Earth Elementalist began the quest for
                  | the Orb.
     0 | D:1      | Reached XP level 1. HP: 9/9 MP: 5/5
   599 | D:1      | Reached XP level 2. HP: 13/13 MP: 0/6
  1355 | D:1      | Found a faded altar of an unknown god.
  1722 | D:1      | Reached XP level 3. HP: 15/16 MP: 6/8
  2582 | D:2      | Learned a level 2 spell: Passwall
  2586 | D:2      | Learned a level 3 spell: Stone Arrow
  3300 | D:2      | Reached XP level 4. HP: 15/21 MP: 6/9
  3993 | D:3      | Reached skill level 4 in Stealth
  4396 | D:3      | Reached skill level 1 in Conjurations
  4574 | D:3      | Found a white marble altar of Elyvilon.
  4574 | D:3      | Found a broken altar of Ashenzari.
  4575 | D:3      | Found a hide-covered altar of Uskayaw.
  4584 | D:3      | Reached XP level 5. HP: 24/24 MP: 5/11
  4938 | D:3      | Identified the +2 robe "Dicih" {Harm}
  5513 | D:3      | Slain by a bullfrog

Illustrated notes

Levels and vault maps discovered:
D:1:      zelgadis_glass_arrival_small, layout_basic,
          shapermc_ecumenical_altar_ellora
D:2:      layout_loops_corners, st_stairs_3
D:3:      layout_rooms, chequers_temple_overflow_statue_of_worship,
          nicolae_hepliaklqana_monster_ancestors, nzn_wu_jian_contemplation,
          nicolae_uskayaw_dance_hall

Skill      XL: |  1  2  3  4 |
---------------+-------------+-----
Dodging        | 3 |  3.8
Earth Magic    | 3 |  3.7
Spellcasting   | 3 |  3.4
Stealth        | 4 |  4.3
Conjurations   | 1 |  1.1
Transmutations | |  1.3

Action                   |  1- 3 |  4- 6 || total
-------------------------+-------+-------++-------
Melee: Unarmed           |    12 |       ||    12
       Dagger            |   101 |    24 ||   125
Throw: Dart              |       |     5 ||     5
 Cast: Sandblast         |    29 |    31 ||    60
  Use: Scroll            |     2 |       ||     2
 Stab: Sleeping          |     4 |       ||     4
Armor: Robe              |    10 |     1 ||    11
Dodge: Dodged            |   120 |    57 ||   177
